| TOP OF THE 1ST |
|
Arkansas Travelers batting - Pitching for Bowie Baysox : RHP Cody Calderon
|
|
Pitching: RHP Cody Calderon
|
|
|
Batting: RHB Jose Ramirez
|
0-0: Ball 1-0: Ball 2-0: Called Strike 2-1: Called Strike 2-2: Strikes out swinging
|
|
Batting: LHB Griffin Ferris
|
0-0: Called Strike 0-1: Called Strike 0-2: Ball 1-2: Foul Ball, location: 2F 1-2: Strikes out swinging
|
|
Batting: RHB Juan Montez
|
0-0: Called Strike 0-1: Called Strike 0-2: Ball 1-2: Foul Ball, location: 2F 1-2: Ground out 4-3 (Groundball, 4S, EV 78.8 MPH)
|
| Top of the 1st over - 0 runs, 0 hits, 0 errors, 0 left on base; Arkansas 0 - Bowie 0 |
| BOTTOM OF THE 1ST |
|
Bowie Baysox batting - Pitching for Arkansas Travelers : RHP Chris Russell
|
|
Pitching: RHP Chris Russell
|
|
|
Batting: LHB Eric Jackson
|
0-0: Called Strike 0-1: Ground out 2-3 (Groundball, 15S, EV 73.8 MPH)
|
|
Batting: LHB Tom Edwards
|
0-0: Called Strike 0-1: Swinging Strike 0-2: Foul Ball, location: 2F 0-2: Foul Ball, location: 2F 0-2: Foul Ball, location: 2F 0-2: Strikes out looking
|
|
Batting: RHB Travis Leonard
|
0-0: Called Strike 0-1: Ball 1-1: Foul Ball, location: 2F 1-2: Reached on error, E3 (Groundball, 34S, EV 80.0 MPH)
|
|
Batting: LHB Andrew Erens
|
0-0: Ball 1-0: Swinging Strike 1-1: Called Strike 1-2: Foul Ball, location: 2F 1-2: Strikes out swinging
|
| Bottom of the 1st over - 0 runs, 0 hits, 1 error, 1 left on base; Arkansas 0 - Bowie 0 |
| TOP OF THE 2ND |
|
Arkansas Travelers batting - Pitching for Bowie Baysox : RHP Cody Calderon
|
|
Batting: LHB Mark Reeg
|
0-0: Ground out 1-3 (Groundball, 34S, EV 64.4 MPH)
|
|
Batting: RHB Ryuji Ito
|
0-0: Swinging Strike 0-1: Ground out 5-3 (Groundball, 56, EV 107.5 MPH)
|
|
Batting: LHB Justin Balthazor
|
0-0: Foul Ball, location: 2F 0-1: Swinging Strike 0-2: Ground out U3 (Groundball, 3, EV 91.2 MPH)
|
| Top of the 2nd over - 0 runs, 0 hits, 0 errors, 0 left on base; Arkansas 0 - Bowie 0 |
| BOTTOM OF THE 2ND |
|
Bowie Baysox batting - Pitching for Arkansas Travelers : RHP Chris Russell
|
|
Batting: LHB Justin Moore
|
0-0: Called Strike 0-1: Ball 1-1: Swinging Strike 1-2: Ball 2-2: Strikes out swinging
|
|
Batting: RHB John Gray
|
0-0: Called Strike 0-1: Ball 1-1: Fly out, F4 (Line Drive, 4, EV 70.0 MPH)
|
|
Batting: RHB Mike Pitts
|
0-0: Ball 1-0: Ground out 4-3 (Groundball, 34, EV 93.8 MPH)
|
| Bottom of the 2nd over - 0 runs, 0 hits, 0 errors, 0 left on base; Arkansas 0 - Bowie 0 |
| TOP OF THE 3RD |
|
Arkansas Travelers batting - Pitching for Bowie Baysox : RHP Cody Calderon
|
|
Batting: RHB Danny Bjarnson
|
0-0: Called Strike 0-1: Called Strike 0-2: Foul Ball, location: 2F 0-2: Ball 1-2: Foul Ball, location: 2F 1-2: Strikes out looking
|
|
Batting: LHB Barrfhionn O'Toole
|
0-0: Ground out 4-3 (Groundball, 4, EV 89.4 MPH)
|
|
Batting: RHB Kinya Nishimura
|
0-0: Ground out 6-3 (Groundball, 56, EV 101.9 MPH)
|
| Top of the 3rd over - 0 runs, 0 hits, 0 errors, 0 left on base; Arkansas 0 - Bowie 0 |
| BOTTOM OF THE 3RD |
|
Bowie Baysox batting - Pitching for Arkansas Travelers : RHP Chris Russell
|
|
Batting: LHB Raul Rojas
|
0-0: Ball 1-0: Ground out 4-3 (Groundball, 4, EV 85.6 MPH)
|
|
Batting: RHB Ray Sims
|
0-0: Ball 1-0: Ball 2-0: Ball 3-0: Called Strike 3-1: DOUBLE (Flyball, 8RXD, EV 114.4 MPH)
|
|
Batting: LHB Eric Jackson
|
0-0: Ball 1-0: SINGLE (Flyball, 78S, EV 88.8 MPH) Ray Sims to third Runner from 3rd tries for Home, SAFE, throw by CF to home
|
|
Batting: LHB Tom Edwards
|
0-0: Ball 1-0: Ball 2-0: Fly out, F7 (Line Drive, 7LM, EV 102.5 MPH)
|
|
Batting: RHB Travis Leonard
|
0-0: Ball 1-0: Called Strike 1-1: Swinging Strike Pickoff Throw by Catcher to First - Error! E2 Eric Jackson to second 1-2: SINGLE (Line Drive, 78S, EV 111.9 MPH) Eric Jackson to third Runner from 3rd tries for Home, throw by LF and OUT! 7-2
|
| Bottom of the 3rd over - 1 run, 3 hits, 1 error, 1 left on base; Arkansas 0 - Bowie 1 |
| TOP OF THE 4TH |
|
Arkansas Travelers batting - Pitching for Bowie Baysox : RHP Cody Calderon
|
|
Batting: RHB Jose Ramirez
|
0-0: Swinging Strike 0-1: Ball 1-1: Called Strike 1-2: Foul Ball, location: 2F 1-2: Ball 2-2: Ball 3-2: Strikes out swinging
|
|
Batting: LHB Griffin Ferris
|
0-0: Foul Ball, location: 2F 0-1: Swinging Strike 0-2: Ball 1-2: Ball 2-2: SINGLE (Groundball, 4MD, EV 102.5 MPH)
|
|
Batting: RHB Juan Montez
|
0-0: Ball 1-0: Swinging Strike 1-1: Ball 2-1: SINGLE (Line Drive, 89S, EV 110.6 MPH) Griffin Ferris to second
|
|
Batting: LHB Mark Reeg
|
0-0: Ball 1-0: Ball 2-0: Ball 3-0: Fly out, F9 (Flyball, 9D, EV 93.8 MPH)
|
|
Batting: RHB Ryuji Ito
|
0-0: Ball 1-0: Ball 2-0: Called Strike 2-1: Fielders Choice at 2nd, 5-4 (Groundball, 56, EV 85.0 MPH)
|
| Top of the 4th over - 0 runs, 2 hits, 0 errors, 2 left on base; Arkansas 0 - Bowie 1 |
| BOTTOM OF THE 4TH |
|
Bowie Baysox batting - Pitching for Arkansas Travelers : RHP Chris Russell
|
|
Batting: LHB Andrew Erens
|
0-0: Ball 1-0: Ball 2-0: Called Strike 2-1: Ball 3-1: Ground out 4-3 (Groundball, 4, EV 82.5 MPH)
|
|
Batting: LHB Justin Moore
|
0-0: Ball 1-0: Called Strike 1-1: SINGLE (Groundball, 4MD, EV 108.8 MPH) (infield hit)
|
|
Batting: RHB John Gray
|
0-0: Ball 1-0: SINGLE (Flyball, 4D, EV 91.9 MPH) Justin Moore to second
|
|
Batting: RHB Mike Pitts
|
0-0: Ball 1-0: Foul Ball, location: 2F 1-1: Foul Ball, location: 2F 1-2: Fly out, F8 (Flyball, 8RXD, EV 100.6 MPH) Runner from 2nd tags up, SAFE at 3rd, no throw by CF
|
|
Batting: LHB Raul Rojas
|
0-0: Called Strike 0-1: Ball 1-1: Ball 2-1: Called Strike 2-2: SINGLE (Line Drive, 6D, EV 94.4 MPH) Justin Moore scores John Gray to second
|
|
Batting: RHB Ray Sims
|
0-0: Foul Ball, location: 2F 0-1: Swinging Strike 0-2: Ball 1-2: Strikes out swinging
|
| Bottom of the 4th over - 1 run, 3 hits, 0 errors, 2 left on base; Arkansas 0 - Bowie 2 |
| TOP OF THE 5TH |
|
Arkansas Travelers batting - Pitching for Bowie Baysox : RHP Cody Calderon
|
|
Batting: LHB Justin Balthazor
|
0-0: Called Strike 0-1: Ball 1-1: Called Strike 1-2: Fly out, F8 (Line Drive, 8LD, EV 103.1 MPH)
|
|
Batting: RHB Danny Bjarnson
|
0-0: Called Strike 0-1: Foul Ball, location: 2F 0-2: Strikes out swinging
|
|
Batting: LHB Barrfhionn O'Toole
|
0-0: Foul Ball, location: 2F 0-1: Ball 1-1: Ball 2-1: Called Strike 2-2: Ground out 6-3 (Groundball, 6, EV 100.0 MPH)
|
| Top of the 5th over - 0 runs, 0 hits, 0 errors, 0 left on base; Arkansas 0 - Bowie 2 |
| BOTTOM OF THE 5TH |
|
Bowie Baysox batting - Pitching for Arkansas Travelers : RHP Chris Russell
|
|
Batting: LHB Eric Jackson
|
0-0: Ball 1-0: Swinging Strike 1-1: Ground out 4-3 (Groundball, 4, EV 101.9 MPH)
|
|
Batting: LHB Tom Edwards
|
0-0: Called Strike 0-1: Foul Ball, location: 2F 0-2: Foul Ball, location: 2F 0-2: Ball 1-2: Ball 2-2: Strikes out swinging
|
|
Batting: RHB Travis Leonard
|
0-0: Called Strike 0-1: Ball 1-1: Swinging Strike 1-2: Ball 2-2: Strikes out swinging
|
| Bottom of the 5th over - 0 runs, 0 hits, 0 errors, 0 left on base; Arkansas 0 - Bowie 2 |
| TOP OF THE 6TH |
|
Arkansas Travelers batting - Pitching for Bowie Baysox : RHP Cody Calderon
|
|
Batting: RHB Kinya Nishimura
|
0-0: Ball 1-0: Foul Ball, location: 2F 1-1: Ball 2-1: Foul Ball, location: 2F 2-2: Strikes out swinging
|
|
Batting: RHB Jose Ramirez
|
0-0: Ball 1-0: Ball 2-0: Ball 3-0: Called Strike 3-1: Base on Balls
|
|
Batting: LHB Griffin Ferris
|
0-0: Called Strike 0-1: Called Strike 0-2: Ball 1-2: Ball Jose Ramirez is caught stealing 2nd base 2-6 2-2: Ball 3-2: Foul Ball, location: 2F 3-2: Fly out, F9 (Flyball, 89D, EV 107.5 MPH)
|
| Top of the 6th over - 0 runs, 0 hits, 0 errors, 0 left on base; Arkansas 0 - Bowie 2 |
| BOTTOM OF THE 6TH |
|
Bowie Baysox batting - Pitching for Arkansas Travelers : RHP Chris Russell
|
|
Batting: LHB Andrew Erens
|
0-0: Called Strike 0-1: Ball 1-1: Ball 2-1: Ball 3-1: Ground out U3 (Groundball, 3, EV 80.6 MPH)
|
|
Batting: LHB Justin Moore
|
0-0: Swinging Strike 0-1: Swinging Strike 0-2: Ball 1-2: Strikes out looking
|
|
Batting: RHB John Gray
|
0-0: Fly out, F4 (Flyball, 34D, EV 95.0 MPH)
|
| Bottom of the 6th over - 0 runs, 0 hits, 0 errors, 0 left on base; Arkansas 0 - Bowie 2 |
| TOP OF THE 7TH |
|
Arkansas Travelers batting - Pitching for Bowie Baysox : RHP Cody Calderon
|
|
Batting: RHB Juan Montez
|
0-0: Ground out 6-3 (Groundball, 6S, EV 88.8 MPH)
|
|
Batting: LHB Mark Reeg
|
0-0: Ball 1-0: Ball 2-0: Reached on error, E4 (Groundball, 4, EV 86.2 MPH)
|
|
Batting: RHB Ryuji Ito
|
0-0: Ball 1-0: Ball 2-0: Ball 3-0: Base on Balls Mark Reeg to second
|
|
Batting: LHB Justin Balthazor
|
0-0: Ball 1-0: Ball 2-0: Foul Ball, location: 2F 2-1: Foul Ball, location: 2F 2-2: Fly out, F7 (Flyball, 7S, EV 94.4 MPH)
|
|
Batting: RHB Danny Bjarnson
|
0-0: Called Strike 0-1: Ball 1-1: Foul Ball, location: 2F 1-2: Foul Ball, location: 2F 1-2: Ground out U3 (Groundball, 34, EV 85.6 MPH)
|
| Top of the 7th over - 0 runs, 0 hits, 1 error, 2 left on base; Arkansas 0 - Bowie 2 |
| BOTTOM OF THE 7TH |
|
Bowie Baysox batting - Pitching for Arkansas Travelers : RHP Chris Russell
|
|
Batting: RHB Mike Pitts
|
0-0: Ball 1-0: Ground out 6-3 (Groundball, 6, EV 81.2 MPH)
|
|
Batting: LHB Raul Rojas
|
0-0: Called Strike 0-1: Fly out, F5 (Popup, 5SF, EV 80.6 MPH)
|
|
Batting: RHB Ray Sims
|
0-0: Called Strike 0-1: Foul Ball, location: 2F 0-2: SINGLE (Groundball, 56D, EV 104.4 MPH)
|
|
Pitching: LHP Chris Fuller
|
|
|
Batting: LHB Eric Jackson
|
0-0: Foul Ball, location: 2F 0-1: Ball 1-1: Foul Ball, location: 2F 1-2: Foul Ball, location: 2F 1-2: Ball 2-2: 2-RUN HOME RUN (Flyball, 9D, EV 100.6 MPH), Distance : 382 ft
|
|
Batting: LHB Tom Edwards
|
0-0: Called Strike 0-1: Swinging Strike 0-2: Foul Ball, location: 2F 0-2: SINGLE (Line Drive, 8LS, EV 106.2 MPH)
|
|
Batting: RHB Travis Leonard
|
0-0: Called Strike 0-1: Swinging Strike 0-2: Strikes out swinging
|
| Bottom of the 7th over - 2 runs, 3 hits, 0 errors, 1 left on base; Arkansas 0 - Bowie 4 |
| TOP OF THE 8TH |
|
Arkansas Travelers batting - Pitching for Bowie Baysox : RHP Cody Calderon
|
|
Pitching: RHP Craig Potter
|
|
|
Batting: LHB Barrfhionn O'Toole
|
0-0: Fly out, F6 (Line Drive, 6, EV 70.0 MPH)
|
|
Batting: RHB Kinya Nishimura
|
0-0: SINGLE (Line Drive, 8LS, EV 86.2 MPH)
|
|
Batting: RHB Jose Ramirez
|
0-0: Called Strike 0-1: Ball Pickoff Throw to First - Out! 1-3 CS 1-1: Ball 2-1: Foul Ball, location: 2F 2-2: Foul Ball, location: 2F 2-2: Ground out 6-3 (Groundball, 6, EV 108.8 MPH)
|
| Top of the 8th over - 0 runs, 1 hit, 0 errors, 0 left on base; Arkansas 0 - Bowie 4 |
| BOTTOM OF THE 8TH |
|
Bowie Baysox batting - Pitching for Arkansas Travelers : LHP Chris Fuller
|
|
Batting: LHB Andrew Erens
|
0-0: Foul Ball, location: 2F 0-1: Swinging Strike 0-2: Ball 1-2: Ball 2-2: Foul Ball, location: 2F 2-2: Foul Ball, location: 2F 2-2: Ball 3-2: Foul Ball, location: 2F 3-2: Foul Ball, location: 2F 3-2: Foul Ball, location: 2F 3-2: Base on Balls
|
|
Batting: LHB Justin Moore
|
0-0: Called Strike 0-1: Ball 1-1: Called Strike 1-2: Strikes out looking
|
|
Batting: RHB John Gray
|
0-0: Ball 1-0: Ball 2-0: Ball 3-0: Base on Balls Andrew Erens to second
|
|
Batting: RHB Mike Pitts
|
0-0: Ball 1-0: Called Strike 1-1: Called Strike 1-2: Ball 2-2: SINGLE (Line Drive, 4D, EV 111.2 MPH) Andrew Erens to third John Gray to second
|
|
Batting: LHB Raul Rojas
|
0-0: Foul Ball, location: 2F 0-1: Ball 1-1: Ball 2-1: DOUBLE (Groundball, 3L, EV 101.2 MPH) Andrew Erens scores John Gray scores Mike Pitts to third
|
|
Pitching: RHP Kennie Williams
|
|
|
Batting: RHB Ray Sims
|
0-0: Called Strike 0-1: Ball 1-1: Called Strike 1-2: Fly out, F8 (Flyball, 8RXD, EV 93.1 MPH) Runner from 3rd tags up, SCORES, no throw by CF
|
|
Batting: LHB Eric Jackson
|
0-0: Ball 1-0: Foul Ball, location: 2F 1-1: Swinging Strike 1-2: 2-RUN HOME RUN (Line Drive, 7D, EV 94.4 MPH), Distance : 375 ft
|
|
Batting: LHB Tom Edwards
|
0-0: Ball 1-0: Fly out, F8 (Flyball, 8LM, EV 80.6 MPH)
|
| Bottom of the 8th over - 5 runs, 3 hits, 0 errors, 0 left on base; Arkansas 0 - Bowie 9 |
| TOP OF THE 9TH |
|
Arkansas Travelers batting - Pitching for Bowie Baysox : RHP Craig Potter
|
|
Batting: LHB Griffin Ferris
|
0-0: Ball 1-0: Foul Ball, location: 2F 1-1: Called Strike 1-2: Ball 2-2: Ball 3-2: Base on Balls
|
|
Batting: RHB Juan Montez
|
Balk! Griffin Ferris to second 0-0: Ball 1-0: Foul Ball, location: 2F 1-1: Ball 2-1: SINGLE (Groundball, 5S, EV 66.2 MPH) (infield hit) Griffin Ferris to third
|
|
Pinch Hitting: RHB Ryan Pelletier
|
0-0: Ball 1-0: Called Strike 1-1: Ball 2-1: Foul Ball, location: 2F 2-2: Fly out, F7 (Flyball, 78D, EV 106.9 MPH) Runner from 3rd tags up, SCORES, no throw by LF
|
|
Batting: RHB Ryuji Ito
|
0-0: Called Strike 0-1: Called Strike 0-2: Ball 1-2: Ball 2-2: Strikes out swinging
|
|
Batting: LHB Justin Balthazor
|
0-0: Ball 1-0: Foul Ball, location: 2F 1-1: Ground out 4-3 (Groundball, 4S, EV 71.9 MPH)
|
| Top of the 9th over - 1 run, 1 hit, 0 errors, 1 left on base; Arkansas 1 - Bowie 9 |
|